Selects Canadian Shock Battlegroup
Construct Section Command Post
Selects Canadian Shock Section
Selects Incendiary Munitions
Construct Platoon Command Post
Construct Field Infirmary
6-pounder Anti-tank Gun Team
Construct Company Command Post
Selects Churchill Crocodile Heavy Tank
Churchill Crocodile Heavy Tank
Unlock Towed 17-pounder Anti-tank Guns
17-pounder Anti-tank Gun Team
17-pounder Anti-tank Gun Team
Churchill Crocodile Heavy Tank